 Dungeon Crawl Stone Soup version 0.20-a0-957-g47ad1fd (webtiles) character file.

177086 Koga the Severer (level 17, -14/183 HPs)
             Began as a Deep Dwarf Berserker on Apr 5, 2017.
             Was a Priest of Trog.
             Demolished by Koga's illusion (18 damage)
             ... woven by Mara
             ... on level 3 of the Swamp.
             The game lasted 02:43:07 (33978 turns).

Koga the Severer (Deep Dwarf Berserker)            Turns: 33978, Time: 02:43:08

Health: -14/183    AC: 32    Str: 32    XL:     17   Next: 53%
Magic:  0/0        EV:  9    Int:  7    God:    Trog [***...]
Gold:   442        SH:  0    Dex: 10    Spells: 16/16 levels left

rFire    . . .     SeeInvis .   O - +4 war axe (vamp)
rCold    + . .     Gourm    .   (no shield)
rNeg     + . .     Faith    .   g - +6 plate armour {rPois}
rPois    +         Spirit   .   E - +0 helmet
rElec    .         Reflect  .   r - +0 cloak
rCorr    +         Harm     .   o - +2 pair of gloves
MR       +++++                  N - +2 pair of boots {run}
Stlth    ..........             (no amulet)
Regen    0.0/turn               Q - ring of Hemonkol {rPois MR+++ Str+5 Int-2}
MPRegen  0.1/turn               q - ring of resist corrosion

@: exhausted, non-regenerating, slowed, very slow
A: damage resistance, heal wounds, clumsy 1, cold resistance 1, magic resistance
1, negative energy resistance 1, sense surroundings 2, screaming 1, no
regeneration
a: Heal Wounds, Berserk, Trog's Hand, Burn Spellbooks, Renounce Religion


You were on level 3 of the Swamp.
You worshipped Trog.
Trog was most pleased with you.
You were near starving.

You visited 5 branches of the dungeon, and saw 31 of its levels.
You visited the Abyss 1 time.

You collected 3050 gold pieces.
You spent 2608 gold pieces at shops.

Inventory:

Hand Weapons
 a - the +2 executioner's axe "Fish" {flame, +Blink rF- rC+ rN+}
   (You acquired it on level 1 of the Orcish Mines)

   It has been specially enchanted to burn those struck by it, causing extra
   injury to most foes and up to half again as much damage against particularly
   susceptible opponents.
   Big, fiery blades are also staple armaments of hydra-hunters.
   It makes you vulnerable to fire.
   It protects you from cold.
   It protects you from negative energy.
   It lets you blink.
 e - a +4 war axe of flaming
 O - a +4 vampiric war axe (weapon)
Armour
 g - a +6 plate armour of poison resistance (worn)
 o - a +2 pair of gloves (worn)
 r - a +0 cloak (worn)
 E - a +0 helmet (worn)
 N - a +2 pair of boots of running (worn)
Jewellery
 p - an uncursed ring of protection from magic
 q - a ring of resist corrosion (right hand)
 v - an uncursed ring of protection from magic
 y - the ring of Ikaun {Ice rElec}
   (You found it on level 9 of the Dungeon)

   [ring of ice]

   It enhances your ice magic.
   It makes you vulnerable to fire.
   It protects you from cold.
   It insulates you from electricity.
 z - an uncursed ring of protection from magic
 C - an uncursed ring of ice {unknown}
 L - a +3 ring of evasion
 Q - the ring of Hemonkol (left hand) {rPois MR+++ Str+5 Int-2}
   (You bought it in a shop on level 2 of the Orcish Mines)

   [ring of strength]

   It affects your strength (+5).
   It affects your intelligence (-2).
   It protects you from poison.
   It affects your resistance to hostile enchantments.
 X - an uncursed ring of protection from cold
Wands
 h - a wand of paralysis (15/24)
 i - a wand of flame (48/48)
 k - a wand of disintegration (12/24)
 s - a wand of digging (13/24)
 u - a wand of lightning (12/15)
 w - a wand of lightning (11/15)
 J - a wand of digging (2/24)
 T - a wand of polymorph (10/24)
 U - a wand of lightning (7/15)
 V - a wand of paralysis (13/24)
 Z - a wand of polymorph (15/24)
Scrolls
 j - 7 scrolls of identify
 m - 3 scrolls of recharging
 n - 7 scrolls of fog
 A - 11 scrolls of remove curse
 B - a scroll of summoning
 G - 6 scrolls of blinking
 H - 5 scrolls of fear
 I - a scroll of brand weapon
 M - a scroll of holy word
 R - 2 scrolls of teleportation
 Y - a scroll of magic mapping
Potions
 b - 2 potions of agility
 d - 4 potions of haste
 l - 2 potions of berserk rage
 x - 2 potions of curing
 F - a potion of might
 K - 4 potions of invisibility
 P - 2 potions of flight
 W - a potion of brilliance
Comestibles
 c - 10 bread rations
 f - 5 meat rations
 t - 5 royal jellies
 D - 11 fruits


   Skills:
 + Level 19.1 Fighting
 + Level 20.8 Axes
 - Level 13.1 Armour
 - Level 2.1 Dodging


You had 16 spell levels left.
You didn't know any spells.

Dungeon Overview and Level Annotations

Branches:
Dungeon (15/15)            Temple (0/1) D:6            Lair (6/6) D:8
  Swamp (4/4) Lair:4        Snake (0/4) Lair:2        Slime (4/5) Lair:5
    Orc (2/2) D:9             Elf (0/3) Orc:2        Vaults (0/5) D:13
 Depths (0/5) D:15

Altars:
Cheibriados
Dithmenos
Fedhas
Gozag
Hepliaklqana
Kikubaaqudgha
Okawaru
Ru
Trog
Uskayaw
Vehumet
Wu Jian

Shops:
D:5 ?   D:6 *   D:10 !=*   D:11 *?%[   Orc:2 :=(![

Annotations:
Lair:2 Sonja
Swamp:3 Mara


Innate Abilities, Weirdness & Mutations

You are resistant to damage.
You can heal yourself by infusing magical energy.
You resist negative energy. (rN+)
You passively map the area around you.
You do not regenerate.
You are clumsy. (Dex -2)
Your flesh is cold resistant. (rC+)
You are resistant to hostile enchantments. (MR+)
You occasionally shout uncontrollably at your foes.


Message History

Koga's illusion hits you.
* * * LOW HITPOINT WARNING * * *
Mara hits you but does no damage.
You slice Mara!!
Mara is heavily wounded.
You hit Koga's illusion. You slice Mara!!
Mara is severely wounded.
You slash Koga's illusion! Koga's illusion hits you!!
* * * LOW HITPOINT WARNING * * *
Mara blinks!
You are too berserk!
You enter the shallow water.
Moving in this stuff is going to be slow.
You feel a strong urge to attack something.
Koga's illusion barely misses you.
You are no longer berserk.
You are exhausted.
You feel yourself slow down. Koga's illusion hits you!!
You die...

♣...≈≈..♣♣ (...≈≈.♣♣
....≈..♣ .....≈♣♣ ≈.≈≈.≈♣
♣♣ ...≈.♣♣ ♣♣♣♣♣≈♣ ..≈.♣♣
♣♣♣♣.♣♣>♣♣
≈.≈≈.♣♣♣♣♣♣≈§....@.♣♣♣
≈≈§...♣.......≈≈@≈...♣♣
♣♣≈≈....≈♣≈.♣..≈≈≈≈.≈.♣♣♣♣♣
♣♣.≈.♣.≈.≈≈.♣...≈≈≈.≈..♣♣.♣
♣♣≈≈♣≈≈≈≈≈..≈R...≈≈≈≈≈.§♣♣
♣♣≈.≈....≈♣♣.♣♣♣≈.≈...♣♣
♣♣≈≈≈≈♣≈♣♣♣♣♣♣ ♣♣♣♣♣..♣
♣≈≈≈≈≈≈.♣ ♣..♣ ♣≈≈≈≈≈≈♣♣
♣.≈♣ ♣.≈≈♣≈≈♣♣ ♣.≈♣


You could see Mara and Koga's illusion.

Vanquished Creatures
  Nikola (Swamp:4)
  8 acid blobs
  2 tentacled starspawn (Abyss:1)
  Kirke (Swamp:1)
  2 thorn hunters
  4 azure jellies
  Aizul (Swamp:1)
  An orc warlord (Orc:1)
  A balrug (Abyss:1)
  The ghost of Ratty the Cleaver, a journeyman MiBe of Trog (D:14)
  A dire elephant (Lair:3)
  2 death oozes (Slime:4)
  An ettin (Orc:2)
  The ghost of Koga the Severer, a journeyman DDFi of Makhleb (Orc:1)
  4 great orbs of eyes
  11 hydras
  2 catoblepae
  2 dancing weapons (D:13)
  A ghost crab (Swamp:3)
  A tengu warrior (D:11)
  2 ogre magi (Orc:2)
  17 two-headed ogres
  A vampire mage (D:14)
  7 alligators
  6 death yaks (Lair:6)
  The ghost of DEFE the Nimble, a journeyman DEAK of Lugonu (D:11)
  A skeletal warrior (D:15)
  2 deep trolls (Orc:2)
  2 glowing orange brains (Slime:4)
  4 unseen horrors
  A spriggan druid (Swamp:3)
  2 starcursed masses (Abyss:1)
  A swamp dragon (Swamp:1)
  4 shambling mangroves
  A golden dragon skeleton (D:15)
  A necromancer (D:15)
  A lindwurm (Lair:6)
  An orc knight (Orc:1)
  A wolf spider (Lair:6)
  22 ugly things
  A deep elf mage (D:12)
  A stone giant zombie (D:15)
  3 manticores
  11 elephants (Lair:3)
  4 cyclopes
  A tengu skeleton (D:15)
  2 shining eyes
  6 black mambas
  4 centaur zombies
  9 torpor snails (Lair:6)
  3 eyes of devastation
  A guardian serpent (Lair:6)
  A smoke demon (Abyss:1)
  A gargoyle (D:15)
  31 spiny frogs
  A yaktaur (D:15)
  2 rime drakes
  2 efreet
  7 komodo dragons
  11 trolls
  A polar bear (Lair:6)
  A guardian mummy (D:15)
  A wolf spider simulacrum (D:14)
  A wind drake (shapeshifter) (D:12)
  7 tyrant leeches
  Grinder (D:4)
  A raiju (Abyss:1)
  Prince Ribbit (D:7)
  7 bog bodies
  20 hornets
  An ice dragon zombie (D:15)
  13 hippogriffs
  12 blink frogs
  44 slime creatures
  An air elemental (Abyss:1)
  A ynoxinul (Abyss:1)
  A redback (Lair:6)
  5 spriggans
  2 vampires (D:10)
  2 shadows
  3 hogs (Swamp:1)
  A wraith (D:12)
  33 yaks
  A basilisk (D:14)
  17 wyverns
  Eustachio (D:5)
  Grum (D:8)
  4 golden eyes (Slime:1)
  2 hungry ghosts
  14 vampire mosquitoes
  A soldier ant (D:14)
  A warg (Orc:1)
  Edmund (D:4)
  19 swamp worms
  7 nagas (Lair:2)
  11 insubstantial wisps
  21 water moccasins
  A floating eye (Slime:3)
  8 porcupines
  2 small abominations (Abyss:1)
  4 sky beasts
  18 orc warriors
  4 ice beasts
  5 swamp drakes
  A black bear (Lair:4)
  23 ogres
  4 phantoms
  10 wolves
  A necrophage (D:11)
  5 centaurs
  10 eyes of draining
  9 crocodiles
  5 big kobolds
  29 bullfrogs
  A gnoll sergeant (D:8)
  2 scorpions
  A wyvern skeleton (D:15)
  10 killer bees (D:12)
  2 howler monkeys (D:10)
  An electric eel (D:14)
  7 crimson imps
  2 bullfrog zombies
  A jelly (D:6)
  8 hounds
  12 orc priests
  2 quasits (Abyss:1)
  15 orc wizards
  2 centaur skeletons
  6 hell rats (Lair:4)
  A bullfrog skeleton (D:4)
  Ijyb (D:3)
  6 iguanas
  7 worker ants
  Natasha (thrice) (D:4)
  A killer bee zombie (D:7)
  5 ogre zombies (D:9)
  A hound zombie (D:9)
  A hound skeleton (D:5)
  A worker ant zombie (D:11)
  11 gnolls
  18 adders
  6 river rats (Lair:4)
  4 shadow imps
  2 worms
  2 dart slugs
  5 leopard geckos
  83 orcs
  3 ball pythons
  3 bats (D:1)
  4 giant cockroaches
  14 goblins
  13 hobgoblins
  7 jackals
  31 kobolds
  7 quokkas
  4 frilled lizards
  A goblin skeleton (D:9)
  A hobgoblin skeleton (D:9)
  3 hobgoblin zombies (D:9)
  3 orc skeletons (D:9)
  9 orc zombies (D:9)
  2 quokka skeletons
  A quokka zombie (D:7)
  8 rats
  7 fungi
  6 plants
  A starspawn tentacle (Abyss:1)
  2 withered plants (D:15)
988 creatures vanquished.

Vanquished Creatures (collateral kills)
  A yak (Lair:2)
  A phantom (D:9)
  A wolf (Lair:2)
  A troll zombie (D:9)
  A hobgoblin zombie (D:9)
  An orc zombie (D:9)
6 creatures vanquished.

Vanquished Creatures (others)
  A wizard (D:13)
  A slime creature (Swamp:4)
  2 spriggans (Swamp:3)
  2 golden eyes (Abyss:1)
  A human (Swamp:1)
  An orc wizard (D:13)
  2 briar patches (Swamp:4)
  3 bushes (Lair:6)
  40 fungi
  48 plants
  2 starspawn tentacles (Abyss:1)
103 creatures vanquished.

Grand Total: 1097 creatures vanquished

Notes
Turn   | Place    | Note
-------+----------+-------------------------------------------
     0 | D:1      | Koga the Deep Dwarf Berserker began the quest for the Orb.
     0 | D:1      | Reached XP level 1. HP: 20/20 MP: 1/1
   210 | D:1      | Reached skill level 4 in Axes
   210 | D:1      | Reached XP level 2. HP: 24/27 MP: 2/2
   435 | D:1      | Reached XP level 3. HP: 33/33 MP: 3/3
  1005 | D:2      | Reached skill level 5 in Axes
  1020 | D:2      | Found an ornate altar of the Wu Jian Council.
  1090 | D:2      | Reached ** piety under Trog
  1112 | D:2      | Reached XP level 4. HP: 40/40 MP: 3/3
  1414 | D:2      | Reached skill level 6 in Axes
  1692 | D:3      | Reached XP level 5. HP: 46/46 MP: 4/4
  1703 | D:3      | Found a hazy altar of Hepliaklqana.
  1836 | D:3      | Noticed Ijyb
  1846 | D:3      | Killed Ijyb
  2103 | D:3      | Reached skill level 7 in Axes
  2250 | D:3      | Found an opulent altar of Gozag.
  2426 | D:4      | Reached *** piety under Trog
  2471 | D:4      | Reached XP level 6. HP: 54/55 MP: 5/5
  2694 | D:4      | Noticed Edmund
  2716 | D:4      | Killed Edmund
  2716 | D:4      | Reached skill level 8 in Axes
  2771 | D:4      | Reached XP level 7. HP: 61/61 MP: 6/6
  2781 | D:4      | Noticed Natasha
  2792 | D:4      | Killed Natasha
  2904 | D:4      | Noticed Natasha
  2911 | D:4      | Killed Natasha
  2911 | D:4      | Reached skill level 9 in Axes
  3066 | D:4      | Noticed Grinder
  3072 | D:4      | Killed Grinder
  3117 | D:4      | Reached skill level 10 in Axes
  3194 | D:4      | Noticed Natasha
  3197 | D:4      | Killed Natasha
  3247 | D:5      | Entered Level 5 of the Dungeon
  3270 | D:5      | Reached XP level 8. HP: 55/68 MP: 7/7
  3365 | D:5      | Found a sacrificial altar of Ru.
  3584 | D:5      | Found a radiant altar of Vehumet.
  3625 | D:5      | Reached skill level 11 in Axes
  3703 | D:5      | Found an iron altar of Okawaru.
  3823 | D:5      | Noticed Eustachio
  3843 | D:5      | Killed Eustachio
  3843 | D:5      | Reached skill level 12 in Axes
  3870 | D:5      | Found Fulyewos's Magic Scroll Emporium.
  4267 | D:6      | Gained mutation: You passively map the area around you. [Deep Dwarf growth]
  4267 | D:6      | Reached XP level 9. HP: 72/74 MP: 8/8
  4369 | D:6      | Found Motiut's Assorted Antiques.
  4477 | D:6      | Found a shadowy altar of Dithmenos.
  4752 | D:6      | Found a staircase to the Ecumenical Temple.
  5041 | D:7      | Reached skill level 13 in Axes
  5148 | D:7      | Noticed Prince Ribbit
  5159 | D:7      | Killed Prince Ribbit
  5334 | D:7      | Reached **** piety under Trog
  5613 | D:7      | Found an ancient bone altar of Kikubaaqudgha.
  5745 | D:7      | Found a blossoming altar of Fedhas.
  5811 | D:8      | Found a staircase to the Lair.
  5822 | D:8      | Reached skill level 14 in Axes
  6156 | D:8      | Noticed Grum
  6174 | D:8      | Killed Grum
  6185 | D:8      | Reached skill level 15 in Axes
  6690 | D:9      | Reached XP level 10. HP: 81/81 MP: 8/8
  7094 | D:9      | Found a staircase to the Orcish Mines.
  7446 | D:9      | Got a heavily runed tin ring
  7449 | D:9      | Identified the ring of Ikaun {Ice rElec} (You found it on level 9 of the Dungeon)
  7608 | D:10     | Entered Level 10 of the Dungeon
  7608 | D:10     | Found Eckey's Magic Scroll Boutique.
  7632 | D:10     | Found Ibanecaa's Distillery.
  7692 | D:10     | Reached skill level 16 in Axes
  7949 | D:10     | Noticed a two-headed ogre
  7958 | D:10     | Killed a two-headed ogre
  8130 | D:10     | HP: 1/81 [something (4)]
  8173 | D:10     | Reached skill level 17 in Axes
  8432 | D:10     | Found Qireaq's Jewellery Shoppe.
  8457 | D:10     | Bought a +2 ring of strength for 97 gold pieces
  8521 | D:10     | Bought an uncursed ring of resist corrosion for 260 gold pieces
  8708 | D:10     | Reached ***** piety under Trog
  8846 | D:10     | Found Pinewud's Assorted Antiques.
  8900 | D:11     | Found Faidwa's General Store.
  8962 | D:11     | Noticed a two-headed ogre
  8970 | D:11     | Killed a two-headed ogre
  8970 | D:11     | Reached XP level 11. HP: 88/88 MP: 8/8
  9021 | D:11     | Found Veewkid's Magic Scroll Shoppe.
  9022 | D:11     | Noticed a six-headed hydra
  9141 | Lair:1   | Entered Level 1 of the Lair of Beasts
  9683 | Lair:1   | Reached skill level 18 in Axes
 10237 | Lair:2   | Reached skill level 5 in Fighting
 10344 | Lair:2   | Found a staircase to the Snake Pit.
 11277 | Lair:3   | Noticed an eight-headed hydra
 11297 | Lair:2   | Killed a four-headed hydra
 11468 | Lair:3   | Reached XP level 12. HP: 73/112 MP: 8/8
 11479 | Lair:3   | Noticed Sonja
 11505 | Lair:2   | Cast into level 1 of the Abyss (Sonja)
 11596 | Abyss:1  | Noticed a tentacled starspawn
 11609 | Abyss:1  | Killed a tentacled starspawn
 11697 | Abyss:1  | Noticed a balrug
 11716 | Abyss:1  | Killed a balrug
 11716 | Abyss:1  | Reached skill level 10 in Fighting
 11757 | Abyss:1  | Found a corrupted altar of Lugonu.
 11758 | Abyss:1  | Noticed a tentacled starspawn
 11768 | Abyss:1  | Killed a tentacled starspawn
 11819 | Abyss:1  | Noticed a starcursed mass
 11830 | Abyss:1  | Killed a starcursed mass
 11834 | Abyss:1  | Killed a starcursed mass
 11852 | Lair:2   | Escaped the Abyss
 12165 | Lair:3   | Noticed a dire elephant
 12229 | Lair:3   | Found a hide-covered altar of Uskayaw.
 12255 | Lair:3   | Killed a dire elephant
 12296 | Lair:3   | Reached XP level 13. HP: 55/130 MP: 1/1
 13685 | Lair:4   | Found a staircase to the Swamp.
 15275 | Lair:5   | Reached skill level 5 in Armour
 15569 | Lair:5   | Found a staircase to the Slime Pits.
 15945 | Orc:1    | Entered Level 1 of the Orcish Mines
 17297 | Orc:1    | Noticed Koga's ghost (journeyman DDFi)
 17308 | Orc:1    | Killed Koga's ghost
 18287 | Orc:1    | Noticed an orc warlord
 18310 | Orc:1    | Killed an orc warlord
 18890 | Orc:2    | Entered Level 2 of the Orcish Mines
 18890 | Orc:2    | Found a staircase to the Elven Halls.
 19053 | Orc:2    | Found Nabucuco's Jewellery Emporium.
 19054 | Orc:2    | Noticed an ettin
 19063 | Orc:2    | Killed an ettin
 19157 | Orc:2    | Found Letsygok's Book Shoppe.
 19165 | Orc:2    | Bought the ring of Hemonkol {rPois MR+++ Str+5 Int-2} for 950 gold pieces
 19271 | Orc:1    | Identified a scroll of acquirement
 19274 | Orc:1    | Got an encrusted executioner's axe
 19275 | Orc:1    | Identified the +2 executioner's axe "Fish" {flame, +Blink rF- rC+ rN+} (You acquired it on level 1 of the Orcish Mines)
 19602 | Orc:2    | Gained mutation: You resist negative energy. (rN+) [Deep Dwarf growth]
 19602 | Orc:2    | Reached XP level 14. HP: 87/145 MP: 1/1
 19734 | Orc:2    | Found Mikh's Antique Weapon Emporium.
 19735 | Orc:2    | Found Ahogomypn's Antique Armour Shoppe.
 19862 | Orc:2    | Reached skill level 15 in Fighting
 19958 | Orc:2    | Found Ahiden's Antique Weapon Shop.
 20195 | Orc:2    | Found Wiqef's Distillery.
 20383 | Orc:2    | Bought a potion of curing for 48 gold pieces
 20383 | Orc:2    | Bought a potion of curing for 48 gold pieces
 20383 | Orc:2    | Bought 2 potions of curing for 96 gold pieces
 20829 | Lair:6   | Entered Level 6 of the Lair of Beasts
 21000 | Lair:6   | Found a snail-covered altar of Cheibriados.
 22014 | Lair:6   | Found a runed door.
 22181 | Lair:6   | Reached XP level 15. HP: 158/158 MP: 1/1
 22635 | Lair:6   | Gained mutation: Your flesh is cold resistant. (rC+) [potion of mutation]
 22635 | Lair:6   | Gained mutation: You are resistant to hostile enchantments. (MR+) [potion of mutation]
 22670 | Lair:6   | HP: 1/158 [fire dragon/blast of flame (26)]
 23209 | Swamp:1  | Entered Level 1 of the Swamp
 23673 | Swamp:1  | Noticed Kirke
 23696 | Swamp:1  | Killed Kirke
 23963 | Swamp:2  | Noticed a thorn hunter
 24052 | Swamp:2  | Killed a thorn hunter
 24052 | Swamp:2  | Reached skill level 19 in Axes
 24853 | Swamp:3  | Reached skill level 10 in Armour
 24908 | Swamp:3  | HP: 12/240 [spriggan rider/spear of flaming (7)]
 25239 | Swamp:3  | HP: 6/160 [shambling mangrove (19)]
 25245 | Swamp:3  | HP: 8/160 [spriggan rider/spear (3)]
 25850 | Swamp:4  | Entered Level 4 of the Swamp
 25955 | Swamp:4  | Noticed Nikola
 26212 | Swamp:4  | Killed Nikola
 26276 | Swamp:4  | Noticed a thorn hunter
 26393 | Swamp:1  | Noticed Aizul
 26402 | Swamp:1  | HP: 9/243 [Aizul (9)]
 26404 | Swamp:1  | Killed Aizul
 26404 | Swamp:1  | Reached XP level 16. HP: 10/171 MP: 1/1
 27044 | D:11     | Found Hogeaf's Food Shoppe.
 27046 | D:11     | Found Jiuvvoq's Armour Emporium.
 27051 | D:11     | Bought a royal jelly for 20 gold pieces
 27051 | D:11     | Bought 3 fruits for 45 gold pieces
 27051 | D:11     | Bought a meat ration for 50 gold pieces
 27051 | D:11     | Bought a meat ration for 50 gold pieces
 27051 | D:11     | Bought a meat ration for 50 gold pieces
 27051 | D:11     | Bought a bread ration for 50 gold pieces
 27051 | D:11     | Bought a royal jelly for 20 gold pieces
 27051 | D:11     | Bought a royal jelly for 20 gold pieces
 27051 | D:11     | Bought a bread ration for 50 gold pieces
 27051 | D:11     | Bought 3 royal jellies for 60 gold pieces
 27051 | D:11     | Bought 2 fruits for 30 gold pieces
 27059 | D:11     | Bought a +2 pair of boots of running for 664 gold pieces
 27134 | D:11     | Noticed DEFE's ghost (journeyman DEAK)
 27144 | D:11     | Killed DEFE's ghost
 27821 | D:12     | Found a flagged portal.
 28769 | D:13     | Found a gate to the Vaults.
 28908 | D:13     | Found a bloodstained altar of Trog.
 29412 | D:14     | Noticed Ratty's ghost (journeyman MiBe)
 29427 | D:14     | Killed Ratty's ghost
 30273 | D:15     | Entered Level 15 of the Dungeon
 30682 | D:15     | Found a staircase to the Depths.
 31448 | Slime:1  | Entered Level 1 of the Pits of Slime
 31450 | Slime:1  | Gained mutation: You are clumsy. (Dex -2) [a shining eye]
 31609 | Slime:2  | Noticed an acid blob
 31615 | Slime:2  | Killed an acid blob
 31631 | Slime:2  | Reached skill level 20 in Axes
 31808 | Slime:2  | Noticed an acid blob
 31814 | Slime:2  | Killed an acid blob
 31849 | Slime:3  | Noticed an acid blob
 31856 | Slime:3  | Noticed an acid blob
 31857 | Slime:3  | Noticed an acid blob
 31920 | Slime:2  | Killed an acid blob
 31920 | Slime:2  | Reached XP level 17. HP: 128/181 MP: 1/1
 31985 | Slime:3  | Killed an acid blob
 31995 | Slime:3  | Paralysed by a floating eye for 4 turns
 32003 | Slime:3  | Killed an acid blob
 32228 | Slime:4  | Noticed an acid blob
 32238 | Slime:4  | Gained mutation: You occasionally shout uncontrollably at your foes. [a shining eye]
 32247 | Slime:3  | Killed an acid blob
 32361 | Slime:4  | Noticed an acid blob
 32426 | Slime:4  | Killed an acid blob
 32532 | Slime:4  | Noticed an acid blob
 32539 | Slime:4  | Killed an acid blob
 33185 | Swamp:4  | Noticed Mara
 33951 | Swamp:4  | Noticed Koga's illusion
 33956 | Swamp:3  | Noticed Koga's illusion
 33975 | Swamp:3  | HP: 5/274 [Koga's illusion[Mara] (22)]
 33978 | Swamp:3  | Demolished by Koga's illusion

Vault maps used:
D:1:      matt_arrival_los_fun
D:2:      cheibrodos_helix_gallery, overflow_temple_1_default
D:3:      cheibrodos_thug_alley, lemuel_doored_altar, grunt_gozag_statues,
          uniq_iyjb
D:4:      minmay_misc_feat_doors, uniq_natasha, uniq_edmund, uniq_grinder
D:5:      cheibrodos_quashed, vehumet_altar_wand_db,
          nicolae_ru_sacrificial_ziggurat, kennysheep_okawaru_gauntlet,
          serial_shops, kennysheep_mini_moat, first_bread, uniq_eustachio
D:6:      temple_hall, serial_shops, nicolae_shop_overgrown_old_shop,
          grunt_dithmenos_shadows
D:7:      lemuel_coloured_pillars_altar, nicolae_overflow_hidden_temple,
          uniq_prince_ribbit1
D:8:      dpeg_oklobed_lair, uniq_grum
D:9:      zombieorc1_lemuel
D:10:     serial_shops, kennysheep_mini, kennysheep_little_box, shop,
          nicolae_shop_statue_plus
D:11:     serial_shops, shop, nicolae_shop_stone, shop,
          nicolae_shop_statue_plus, grunt_tengu_nest
D:12:     enter_bailey_3, mrwooster_statue_mirror
D:13:     erik_vaults_1, trog_wizard
D:14:     roderic_roman_lattice
D:15:     gammafunk_depths_entry_grave
Lair:1:   beast_lair_carwin_4
Lair:2:   minmay_snake_entry_guardpost_large, infiniplex_staircase_pool_2
Lair:3:   mu_elephants_graveyard, basic_altar, uniq_sonja
Lair:4:   swamp_mist_pool, kennysheep_abandoned_house
Lair:5:   dpeg_slime_entry_corner, beast_lair_carwin_8
Lair:6:   hangedman_lair_tendril_chambers, wormcave, kennysheep_snail_temple
Swamp:1:  nicolae_swamp_round_clearing, uniq_aizul, uniq_kirke
Swamp:2:  evilmike_swamp_ruin_rubble_1, swamp_pool1
Swamp:3:  evilmike_swamp_ruin_house_5, swamp_pool3
Swamp:4:  swamp_vile, uniq_mara, uniq_bai_suzhen, uniq_nikola
Orc:1:    library_closet, minmay_orc_barracks
Orc:2:    st_orc_open, serial_shops, nicolae_shop_waterfront, shop

Skill      XL: |  1  2  3  4  5  6  7  8  9 10 11 12 13 14 15 16 17 |
---------------+----------------------------------------------------+-----
Axes           | 4 5 6 7 8 10 12 15 17 18 19 20 | 20.8
Fighting       | 8 12 14 16 17 18 19 | 19.1
Armour         | 6 9 11 13 | 13.1
Dodging        | |  2.1

Action                   |  1- 3 |  4- 6 |  7- 9 | 10-12 | 13-15 | 16-18 || total
-------------------------+-------+-------+-------+-------+-------+-------++-------
Melee: Hand axe          |    90 |   181 |    60 |   301 |       |       ||   632
       War axe           |       |    29 |   329 |   362 |   338 |    21 ||  1079
       Executioner's axe |       |       |       |       |   641 |   628 ||  1269
Invok: Berserk           |     7 |    10 |    25 |    36 |    79 |    44 ||   201
       Trog's Hand       |       |     4 |     8 |    12 |   104 |    53 ||   181
       Brothers in Arms  |       |       |       |     3 |       |       ||     3
       Burn Spellbooks   |       |       |       |       |     3 |     2 ||     5
 Abil: Heal Wounds       |     2 |       |     5 |    31 |     8 |    10 ||    56
  Use: Potion            |       |     5 |     5 |     6 |    12 |     3 ||    31
       Scroll            |       |     3 |     4 |    10 |    18 |     6 ||    41
 Stab: Sleeping          |     1 |       |       |       |       |       ||     1
  Eat: Chunk             |     6 |    17 |    35 |    31 |    60 |    44 ||   193
       Royal jelly       |       |       |     1 |       |     9 |     3 ||    13
       Bread ration      |       |       |       |     6 |     9 |     4 ||    19
       Fruit             |       |       |       |     1 |    13 |    15 ||    29
       Meat ration       |       |       |       |     1 |     6 |     2 ||     9
Armor: Animal skin       |    14 |       |       |       |       |       ||    14
       Ring mail         |     6 |    60 |    55 |       |       |       ||   121
       Leather armour    |       |       |    69 |       |       |       ||    69
       Chain mail        |       |       |    16 |   335 |    82 |       ||   433
       Plate armour      |       |       |       |       |   558 |   615 ||  1173
Dodge: Dodged            |    47 |   109 |   179 |   272 |   520 |   294 ||  1421
